 Dungeon Crawl Stone Soup version 0.24.0-123-gd5b16e6ec5 (webtiles) character file.

Game seed: 7098286050394155791, levelgen mode: deterministic

2396 Notrik the Fighter (level 9, -2/89 HPs)
             Began as a Minotaur Fighter on Feb 5, 2020.
             Was a Follower of Okawaru.
             Slain by a two-headed ogre
             ... wielding a +0 giant club
              (20 damage)
             ... on level 8 of the Dungeon.
             The game lasted 00:14:28 (5836 turns).

Notrik the Fighter (Minotaur Fighter)               Turns: 5836, Time: 00:14:29

Health: -2/89      AC: 12    Str: 24    XL:     9   Next: 22%
Magic:  6/8        EV: 12    Int:  5    God:    Okawaru [*.....]
Gold:   9          SH: 13    Dex: 10    Spells: 8/8 levels left

rFire    . . .     SeeInvis .   a - +0 war axe
rCold    . . .     Gourm    .   c - +0 shield
rNeg     . . .     Faith    .   b - +0 scale mail
rPois    .         Spirit   .   (helmet restricted)
rElec    .         Reflect  .   B - +0 cloak
rCorr    .         Harm     .   m - +0 pair of gloves
MR       .....                  (no boots)
Stlth    +.........             q - amulet of regeneration
HPRegen  0.64/turn              (no ring)
MPRegen  0.11/turn              (no ring)

@: heroism, very slow
A: retaliatory headbutt, horns 2
a: Heroism, Renounce Religion


You were on level 8 of the Dungeon.
You worshipped Okawaru.
Okawaru was aware of your devotion.
You were not hungry.

You visited 2 branches of the dungeon, and saw 9 of its levels.
You also visited: Sewer.

You collected 504 gold pieces.
You spent 495 gold pieces at shops.

Inventory:

Hand Weapons
 a - a +0 war axe (weapon)
 s - a +0 dagger of protection
   (You found it on level 2 of the Dungeon)
Armour
 b - a +0 scale mail (worn)
 c - a +0 shield (worn)
 m - a +0 pair of gloves (worn)
   (You found it on level 1 of the Dungeon)
 B - a +0 cloak (worn)
   (You found it on level 4 of the Dungeon)
Jewellery
 q - an amulet of regeneration (around neck)
   (You found it on level 2 of the Dungeon)
 D - a +3 ring of strength {unknown}
   (You found it on level 6 of the Dungeon)
Wands
 d - a wand of iceblast (10)
   (You found it on level 4 of the Dungeon)
Scrolls
 f - 2 scrolls of remove curse {@r2}
 h - a scroll of random uselessness {unknown}
 i - a scroll of enchant armour {unknown}
 j - 4 scrolls of identify {@r1}
 k - 5 scrolls of teleportation {@r4}
 r - a scroll of fear {unknown}
 u - 2 scrolls of amnesia {unknown}
 v - 2 scrolls of enchant weapon {unknown}
 w - 3 scrolls of magic mapping {unknown}
 x - a scroll of blinking {unknown}
 z - a scroll of vulnerability {unknown}
 G - a scroll of fog {unknown}
 H - a scroll of immolation {unknown}
Potions
 g - 5 potions of curing {@q1}
 l - 2 potions of mutation {!q}
 n - 2 potions of lignification {!q}
 o - a potion of cancellation {unknown}
 p - 2 potions of flight
 t - 4 potions of haste {@q3}
 y - 2 potions of might
 A - 2 potions of resistance {unknown}
 C - 2 potions of heal wounds {unknown}
 E - 2 potions of brilliance
Comestibles
 e - 13 rations {!d}
 F - 4 chunks of flesh


   Skills:
 * Level 11.0(16.0) Fighting
 - Level 2.4(7.4) Axes
 + Level 8.3(13.3) Armour
 + Level 8.2(13.2) Shields


You had 8 spell levels left.
You didn't know any spells.
Your spell library contained the following spells:

 Spells                   Type           Power        Failure   Level  Hunger
 Confusing Touch          Hex            #.....       78%         1    ##.....
 Corona                   Hex            #......      78%         1    ##.....
 Ensorcelled Hibernation  Hex/Ice        #.....       89%         2    ###....
 Confuse                  Hex            #.......     98%         3    ####...
 Dazzling Spray           Conj/Hex       #.....       98%         3    ####...
 Gell's Gravitas          Tloc           #.........   98%         3    ####...
 Tukima's Dance           Hex            #.......     98%         3    ####...
 Petrify                  Tmut/Erth      #.......     100%        4    #####..
 Metabolic Englaciation   Hex/Ice        #.........   100%        5    ######.
 Yara's Violent Unravell  Hex/Tmut       #.........   100%        5    ######.


Dungeon Overview and Level Annotations

Branches:
Dungeon (8/15)             Temple (1/1) D:6            Lair (0/6) D:8
  Sewer (visited)

Altars:
Ashenzari
Cheibriados
Dithmenos
Elyvilon
Fedhas
Gozag
Hepliaklqana
Kikubaaqudgha
Makhleb
Nemelex Xobeh
Okawaru
Qazlal
Ru
Sif Muna
Trog
Uskayaw
Vehumet
Wu Jian
Xom
Yredelemnul
Zin
The Shining One

Shops:
D:8 ![

Annotations:
D:6 2 transporters, Saltbearer's ghost, novice DsAK
D:8 Pikel


Innate Abilities, Weirdness & Mutations

You reflexively headbutt those who attack you in melee.
You have a pair of horns on your head.


Message History

The two-headed ogre hits you with a +0 giant club!
The two-headed ogre barely misses you.
Your unstable footing causes you to fumble your attack.
The slave shouts!
The hound barks!
The wolf stops to sniff the ground.
The wolf bites you but does no damage.
The wolf splashes around in the water.
You block the wolf's attack. The wolf closely misses you.
The hound pauses to sniff the water.
The wolf splashes around in the water.
The wolf bites you.
* * * LOW HITPOINT WARNING * * *
The two-headed ogre hits you with a +0 giant club!!
* * * LOW HITPOINT WARNING * * *
You block the two-headed ogre's attack.
A slave comes into view.
You block the wolf's attack. The wolf bites you but does no damage.
A slave comes into view.
The slave shouts! x2
You block the wolf's attack. x2
An electric eel comes into view.
You block the wolf's attack. The wolf closely misses you.
You furiously retaliate!
You headbutt the wolf, but do no damage.
You are too injured to fight recklessly!
You are too injured to fight recklessly!
You are too injured to fight recklessly!
You are too injured to fight recklessly!
You are too injured to fight recklessly!
You are too injured to fight recklessly!
You are too injured to fight recklessly!
You are too injured to fight recklessly!
You are too injured to fight recklessly!
You are too injured to fight recklessly!
You gain the combat prowess of a mighty hero.
You block the wolf's attack.
Pikel the Slaver comes into view.
He is wielding a +1 whip of flaming.
You block the wolf's attack.
You closely miss the two-headed ogre.
Pikel shouts!
You headbutt the two-headed ogre. You miss the wolf.
The wolf completely misses you.
An electric eel comes into view.
A slave comes into view.
You block the wolf's attack. The two-headed ogre closely misses you.
You block the two-headed ogre's attack.
Your unstable footing causes you to fumble your attack.
The slave shouts!
The wolf bites you.
* * * LOW HITPOINT WARNING * * *
You block the wolf's attack. You block the two-headed ogre's attack.
The two-headed ogre hits you with a +0 giant club!!
You die...

.# .#
#≈≈≈≈≈≈.....≈p≈
.####
#≈≈≈≈≈≈.>.≈.;Kp
....#
#≈≈≈≈≈≈....≈≈≈.
....#
#≈≈≈≈≈p≈p≈.≈≈≈≈
....#
#≈≈≈.≈≈≈≈≈≈≈≈..
....#
#.$.≈≈≈≈≈;≈≈≈..
....#
#...h≈≈≈≈.≈≈≈≈.
....#
#...hhO@≈≈....≈
#####
#..≈.hh≈.≈.≈.$.
#
#.....h≈.≈.....
########
#..............
.......#
######.########
######.# ##.#
#.# #..######.
#.# #.........
#.# #.######..


You could see a two-headed ogre, Pikel, 4 slaves, 4 wolves, 2 hounds and 2
electric eels.

Vanquished Creatures
  Sigmund (D:6)
  A wyvern (D:8)
  Eustachio (D:6)
  A necrophage (D:7)
  A hornet zombie (D:7)
  A phantom (D:4)
  2 wolves (D:8)
  2 big kobolds
  2 bullfrogs (D:7)
  Blork the orc (D:6)
  A water moccasin skeleton (D:6)
  A scorpion (D:6)
  3 crimson imps
  2 hounds
  A centaur zombie (D:5)
  8 orc wizards
  4 orc priests
  Crazy Yiuf (D:6)
  Natasha (D:2)
  3 iguanas (D:7)
  4 worker ants
  2 hound skeletons
  3 gnolls (D:7)
  10 adders
  A river rat (Sewer)
  An ooze (D:2)
  2 adder skeletons (D:3)
  3 worms
  3 dart slugs
  3 leopard geckos
  23 orcs
  7 giant cockroaches
  7 hobgoblins
  9 jackals
  2 quokkas
  5 ball pythons
  9 bats
  7 frilled lizards
  9 goblins
  2 jackal zombies (D:7)
  21 kobolds
  13 rats
184 creatures vanquished.

Vanquished Creatures (others)
  A human (D:7)
1 creature vanquished.

Grand Total: 185 creatures vanquished

Notes
Turn   | Place    | Note
-------+----------+-------------------------------------------
     0 | D:1      | Notrik the Minotaur Fighter began the quest for the Orb.
     0 | D:1      | Reached XP level 1. HP: 19/19 MP: 0/0
    83 | D:1      | Reached skill level 4 in Fighting
    83 | D:1      | Reached XP level 2. HP: 24/27 MP: 1/1
   601 | D:2      | Reached XP level 3. HP: 11/34 MP: 2/2
  1099 | D:2      | Reached skill level 5 in Fighting
  1099 | D:2      | Reached XP level 4. HP: 40/42 MP: 3/3
  1197 | D:2      | Noticed Natasha
  1205 | D:2      | Killed Natasha
  1539 | D:2      | Found a sparkling altar of Nemelex Xobeh.
  1565 | D:2      | Found an ornate altar of the Wu Jian Council.
  1612 | D:2      | Reached XP level 5. HP: 40/48 MP: 4/4
  1754 | D:2      | Found a basalt altar of Yredelemnul.
  1848 | D:3      | Found a faded altar of an unknown god.
  1884 | D:3      | Reached skill level 6 in Fighting
  1932 | D:3      | Reached skill level 5 in Shields
  1960 | D:3      | Reached skill level 5 in Armour
  2027 | D:3      | Found a glowing silver altar of Zin.
  2217 | D:3      | Found a snail-covered altar of Cheibriados.
  2217 | D:3      | Found an ancient bone altar of Kikubaaqudgha.
  2449 | D:4      | Reached XP level 6. HP: 58/58 MP: 5/5
  2628 | D:4      | Reached skill level 7 in Fighting
  2713 | D:4      | Reached XP level 7. HP: 66/66 MP: 6/6
  3024 | D:5      | Entered Level 5 of the Dungeon
  3504 | D:5      | Reached skill level 8 in Fighting
  3808 | D:6      | Identified the +5 dire flail of Famine {freeze, Str+2
                  | Dex+4}
  3808 | D:6      | Noticed Saltbearer's ghost (novice DsAK)
  3809 | D:6      | Found a transporter.
  3813 | D:6      | Found a transporter.
  3839 | D:6      | Found a glowing drain.
  3879 | Sewer    | Entered a sewer
  3970 | Sewer    | Found a white marble altar of Elyvilon.
  4182 | D:6      | Noticed Sigmund
  4199 | D:6      | Killed Sigmund
  4199 | D:6      | Reached XP level 8. HP: 57/77 MP: 7/7
  4242 | D:6      | Noticed Eustachio
  4251 | D:6      | Killed Eustachio
  4251 | D:6      | Reached skill level 9 in Fighting
  4279 | D:6      | Noticed Blork the orc
  4294 | D:6      | Killed Blork the orc
  4429 | D:6      | Found a staircase to the Ecumenical Temple.
  4524 | D:6      | Found a runed translucent door.
  4525 | D:6      | Noticed Crazy Yiuf
  4662 | D:6      | Killed Crazy Yiuf
  4798 | D:7      | Reached skill level 10 in Fighting
  4877 | Temple   | Entered the Ecumenical Temple
  5019 | Temple   | Became a worshipper of Warmaster Okawaru
  5599 | D:7      | Found an ancient bone altar of Kikubaaqudgha.
  5668 | D:8      | Reached XP level 9. HP: 82/86 MP: 8/8
  5713 | D:8      | Found Cerhyar's Distillery.
  5722 | D:8      | Bought a potion of berserk rage for 75 gold pieces
  5722 | D:8      | Bought a potion of mutation for 120 gold pieces
  5722 | D:8      | Bought a potion of brilliance for 60 gold pieces
  5722 | D:8      | Bought a potion of haste for 150 gold pieces
  5722 | D:8      | Bought a potion of lignification for 45 gold pieces
  5722 | D:8      | Bought a potion of curing for 45 gold pieces
  5754 | D:8      | Found Cugigelo's Armour Shop.
  5819 | D:8      | Found a staircase to the Lair.
  5821 | D:8      | Noticed a two-headed ogre
  5822 | D:8      | Reached * piety under Okawaru
  5823 | D:8      | Noticed a troll
  5825 | D:8      | Reached skill level 11 in Fighting
  5834 | D:8      | Noticed Pikel
  5836 | D:8      | Slain by a two-headed ogre

Levels and vault maps discovered:
D:1:      dpeg_arrival_another_circle, layout_rooms, minmay_door_square,
          skrybe_limestone_x
D:2:      layout_loops_ring, lemuel_coloured_pillars_altar, old_standard_altar,
          nemelex_xobeh_ov_fountains_minmay, minmay_misc_feat_tiny,
          minmay_vboxes, uniq_natasha
D:3:      layout_loops_ring, overflow_temple_1_default,
          grunt_temple_overflow_open, chequers_ecumenical_altar_simple_redux,
          first_ration
D:4:      layout_gridville
D:5:      layout_loops_corners
D:6:      layout_cave_pools, minmay_temple_entry_statues_pillars,
          gammafunk_ghost_smash, gup_sewer_entry_glass, nrook_mini_vaults,
          hangedman_decor_push, uniq_crazy_yiuf_cottage, uniq_sigmund,
          uniq_eustachio, uniq_blork_the_orc
D:7:      layout_loops_ring, tgw_kikubaaqudgha
D:8:      layout_basic, erik_lair_island, serial_shops, kennysheep_little_box,
          shop, shop, nicolae_shop_window_shopping, grunt_livestock,
          minivault_23, uniq_erica, uniq_pikel
Temple:   regret_index_temple_sphere_string

Skill      XL: |  1  2  3  4  5  6  7  8  9 |
---------------+----------------------------+-----
Fighting       | 4 5 6 7 8 10 11 | 11.0
Shields        | 4 5 6 7 8 |  8.2
Armour         | 4 5 6 7 8 |  8.3
Axes           | |  2.4

Action                   |  1- 3 |  4- 6 |  7- 9 || total
-------------------------+-------+-------+-------++-------
Melee: War axe           |    98 |   177 |   218 ||   493
       Headbutt          |    14 |    31 |    50 ||    95
Invok: Heroism           |       |       |     1 ||     1
  Use: Scroll            |       |     4 |     2 ||     6
       Potion            |       |       |     1 ||     1
  Eat: Chunk             |     1 |     5 |     8 ||    14
       Ration            |       |       |     1 ||     1
Armor: Scale mail        |    57 |    74 |   103 ||   234
Dodge: Dodged            |    36 |    56 |    80 ||   172
Block: Shield            |    60 |   104 |   164 ||   328
